 Dungeon Crawl Stone Soup version 0.20.1-1-g8b1a95d (webtiles) character file.

3262 Monsterracer the Fighter (level 9, -26/86 HPs)
             Began as a Purple Draconian Artificer on Aug 25, 2017.
             Was an Initiate of Gozag.
             Killed from afar by ThereIsNoGod's ghost (39 damage)
             ... with a shard of ice
             ... on level 7 of the Dungeon.
             The game lasted 00:18:59 (8447 turns).

Monsterracer the Fighter (DrAr)                     Turns: 8447, Time: 00:18:59

Health: -26/86     AC: 12    Str: 17 (18) XL:     9   Next: 68%
Magic:  11/11      EV: 14    Int: 10 (12) God:    Gozag
Gold:   1232       SH:  4    Dex: 11      Spells: 8/8 levels left

rFire    . . .     SeeInvis .   b - +0 flail
rCold    . . .     Gourm    .   y - +0 buckler
rNeg     . . .     Faith    .   (armour unavailable)
rPois    .         Spirit   .   (helmet restricted)
rElec    .         Reflect  .   (no cloak)
rCorr    .         Harm     .   u - +0 pair of gloves
MR       +....     Rnd*Tele +   (no boots)
Stlth    +.........             (no amulet)
Regen    0.3/turn               j - ring of teleportation (curse)
MPRegen  0.2/turn               n - +4 ring of protection

@: short of breath, berserk cooldown, slowed, heavily drained, very slow
A: breathe power, unfitting armour, cold-blooded, AC +7
a: Breathe Dispelling Energy, Potion Petition, Call Merchant, Bribe Branch,
Renounce Religion


You were on level 7 of the Dungeon.
You worshipped Gozag.
Gozag was most pleased with you.
You were not hungry.

You visited 1 branch of the dungeon, and saw 7 of its levels.
You also visited: Ossuary.

You collected 1292 gold pieces.
You paid 60 gold pieces to Gozag.

Inventory:

Hand Weapons
 a - a +3 dagger of venom
 b - a +0 flail (weapon)
Armour
 u - a +0 pair of gloves (worn)
 y - a +0 buckler (worn)
Jewellery
 j - a cursed ring of teleportation (left hand)
 l - a +6 ring of protection
 m - an uncursed ring of protection from cold {unknown}
 n - a +4 ring of protection (right hand)
 t - a +4 ring of intelligence
Wands
 c - a wand of enslavement (14/24)
 d - a wand of random effects (34/48)
 e - a wand of flame (13/48)
 g - a wand of flame (30/48)
 w - a wand of acid (9/15)
Scrolls
 q - a scroll of recharging
 s - 5 scrolls of amnesia
 E - 2 scrolls of teleportation
Potions
 h - a potion of agility
 k - 2 potions of brilliance
 o - a potion of lignification {unknown}
 p - 3 potions of ambrosia
 v - a potion of mutation {unknown}
 x - 4 potions of curing
 z - 2 potions of flight
 A - a potion of heal wounds {unknown}
 B - a potion of haste {unknown}
 C - a potion of might {unknown}
Comestibles
 f - 4 bread rations
 r - 2 meat rations


   Skills:
 * Level 10.8(8.8) Fighting
 - Level 1.0(0.0) Short Blades
 + Level 3.6(2.0) Maces & Flails
 + Level 6.5(4.7) Dodging
 - Level 0.8(0.0) Stealth
 - Level 5.0(3.2) Shields
 - Level 3.2(1.6) Evocations


You had 8 spell levels left.
You didn't know any spells.

Dungeon Overview and Level Annotations

Branches:
Dungeon (7/15)             Temple (0/1) D:5

Altars:
Gozag
Kikubaaqudgha
Ru
The Shining One

Annotations:
D:7 ThereIsNoGod's ghost, novice DrIE


Innate Abilities, Weirdness & Mutations

You can breathe bolts of dispelling energy.
Your rich purple scales are hard. (AC +7)
You cannot fit into any form of body armour.
You are cold-blooded and may be slowed by cold attacks.


Message History

You feel drained.
You closely miss ThereIsNoGod's ghost.
Your tail-slap misses ThereIsNoGod's ghost.
ThereIsNoGod's ghost is almost destroyed.
ThereIsNoGod's ghost points at you and mumbles some strange words.
The shard of ice misses you.
ThereIsNoGod's ghost gestures at you while chanting.
The shard of ice hits you!
* * * LOW HITPOINT WARNING * * *
Huge Dmg: -9%(-8hp) hp: 16%(13hp) Unknown command.
Press: ? - help, Shift-Dir - straight line, f/p - ThereIsNoGod's ghost
Aim: ThereIsNoGod's ghost, wielding a weapon of draining (almost destroyed)
You breathe a bolt of dispelling energy.
The bolt of dispelling energy misses ThereIsNoGod's ghost.
You feel somewhat more hungry.
ThereIsNoGod's ghost casts a spell at you.
The shard of ice hits you!
You die...
Your body crumbles into a pile of gold. ############.# #...W@).)....# #.############ #

You could see ThereIsNoGod's ghost.

Vanquished Creatures
  Pikel (D:5)
  The ghost of ThereIsNoGod the Chiller, a novice DrIE (D:6)
  Sigmund (D:3)
  Duvessa (D:5)
  2 ice beasts
  5 ogres
  A sky beast (D:6)
  5 centaurs
  A big kobold (D:5)
  Dowan (D:5)
  A gnoll sergeant (D:4)
  3 wights (D:5)
  3 howler monkeys
  A crimson imp (D:5)
  A gnoll shaman (D:4)
  2 jellies (D:5)
  2 bullfrog zombies (D:6)
  An orc priest (D:6)
  A centaur skeleton (D:6)
  2 hounds
  An orc wizard (D:7)
  3 worker ants (D:5)
  A hound skeleton (D:4)
  2 mummies
  6 gnolls (D:4)
  10 adders
  A shadow imp (D:5)
  2 oozes
  An adder skeleton (D:6)
  2 dart slugs (D:3)
  6 worms
  5 leopard geckos
  12 orcs
  A ball python (D:4)
  3 giant cockroaches
  2 gnoll zombies (Ossuary)
  3 goblins
  7 hobgoblins
  9 jackals
  A quokka (D:5)
  9 bats
  6 frilled lizards
  2 goblin skeletons (Ossuary)
  3 goblin zombies (Ossuary)
  3 hobgoblin zombies (Ossuary)
  12 kobolds
  2 kobold skeletons (Ossuary)
  2 kobold zombies (Ossuary)
  An orc skeleton (Ossuary)
  2 orc zombies (Ossuary)
  2 quokka skeletons (D:5)
  4 rats
  3 rat skeletons (Ossuary)
  A rat zombie (Ossuary)
166 creatures vanquished.

Vanquished Creatures (collateral kills)
  An orc (D:5)
1 creature vanquished.

Vanquished Creatures (others)
  Menkaure (Ossuary)
  2 slaves (D:5)
  A phantom (D:5)
  An ogre (D:5)
  An orc wizard (D:5)
  An orc priest (D:5)
  2 orcs (D:5)
  2 mummies (Ossuary)
  An adder (D:5)
  A shadow imp (D:5)
  A gnoll zombie (Ossuary)
  A jackal (D:6)
  A frilled lizard (D:5)
  2 gnoll skeletons (Ossuary)
  2 goblin skeletons (Ossuary)
  3 goblin zombies (Ossuary)
  4 hobgoblin skeletons (Ossuary)
  4 hobgoblin zombies (Ossuary)
  2 kobold skeletons (Ossuary)
  A kobold zombie (Ossuary)
  3 orc skeletons (Ossuary)
  2 orc zombies (Ossuary)
  4 rat skeletons (Ossuary)
  A rat zombie (Ossuary)
44 creatures vanquished.

Grand Total: 211 creatures vanquished

Notes
Turn   | Place    | Note
-------+----------+-------------------------------------------
     0 | D:1      | Monsterracer the Draconian Artificer began the quest for the Orb.
     0 | D:1      | Reached XP level 1. HP: 16/16 MP: 3/3
   290 | D:1      | Reached XP level 2. HP: 24/24 MP: 4/4
   347 | D:1      | Reached skill level 2 in Fighting
   615 | D:1      | You fall through a shaft!
   995 | D:2      | Reached skill level 1 in Maces & Flails
  1095 | D:2      | Reached XP level 3. HP: 24/30 MP: 5/5
  1398 | D:2      | Reached skill level 3 in Fighting
  1809 | D:2      | Reached XP level 4. HP: 29/38 MP: 6/6
  2310 | D:3      | Noticed Sigmund
  2343 | D:3      | Killed Sigmund
  2343 | D:3      | Reached skill level 5 in Fighting
  2343 | D:3      | Reached XP level 5. HP: 42/48 MP: 7/7
  2534 | D:3      | Reached XP level 6. HP: 56/56 MP: 8/8
  3014 | D:4      | Found a glowing golden altar of the Shining One.
  3026 | D:4      | Found an opulent altar of Gozag.
  3030 | D:4      | Became a worshipper of Gozag Ym Sagoz the Greedy
  3284 | D:4      | Found a sacrificial altar of Ru.
  3346 | D:4      | Reached skill level 6 in Fighting
  3360 | D:4      | HP: 28/57 [gnoll (6)]
  3589 | D:4      | Your scales start taking on a rich purple colour.
  3589 | D:4      | Reached XP level 7. HP: 50/64 MP: 9/9
  3946 | D:5      | Entered Level 5 of the Dungeon
  3953 | D:5      | Reached skill level 1 in Shields
  3985 | D:5      | Reached skill level 7 in Fighting
  4174 | D:5      | Found a sand-covered staircase.
  4177 | D:5      | Found an ancient bone altar of Kikubaaqudgha.
  4331 | Ossuary  | Entered an ossuary
  4472 | Ossuary  | Killed Menkaure
  5021 | D:5      | HP: 29/66 [ice beast (5)]
  5033 | D:5      | Noticed Duvessa
  5041 | D:5      | Noticed Dowan
  5041 | D:5      | HP: 28/67 [Duvessa/short sword (8)]
  5044 | D:5      | Killed Duvessa
  5044 | D:5      | Reached XP level 8. HP: 28/74 MP: 10/10
  5046 | D:5      | HP: 24/74 [Dowan/shard of ice (4)]
  5052 | D:5      | Killed Dowan
  5052 | D:5      | Reached skill level 8 in Fighting
  5086 | D:5      | HP: 22/74 [orc priest/whip (9)]
  5093 | D:5      | HP: 19/74 [acid (4)]
  5507 | D:5      | Noticed Pikel
  5513 | D:5      | HP: 37/74 [Pikel/whip of freezing (2)]
  5518 | D:5      | Killed Pikel
  5518 | D:5      | Reached skill level 9 in Fighting
  5518 | D:5      | Reached skill level 5 in Dodging
  5520 | D:5      | HP: 23/78 [orc/mace (7)]
  6032 | D:5      | Found a staircase to the Ecumenical Temple.
  6725 | D:5      | HP: 38/78 [wight/enchanted falchion (10)]
  6727 | D:5      | Reached XP level 9. HP: 61/84 MP: 11/11
  6921 | D:5      | HP: 36/85 [centaur (8)]
  6926 | D:5      | HP: 24/85 [centaur (6)]
  6944 | D:5      | HP: 7/85 [ogre/giant club (21)]
  7306 | D:6      | Reached skill level 10 in Fighting
  7328 | D:6      | Noticed ThereIsNoGod's ghost (novice DrIE)
  7648 | D:6      | HP: 58/127 [ThereIsNoGod's ghost/puff of frost (11)]
  7650 | D:6      | Killed ThereIsNoGod's ghost
  7650 | D:6      | Reached skill level 5 in Shields
  8423 | D:7      | Noticed ThereIsNoGod's ghost (novice DrIE)
  8443 | D:7      | HP: 27/86 [ThereIsNoGod's ghost/shard of ice (34)]
  8446 | D:7      | HP: 13/86 [ThereIsNoGod's ghost/shard of ice (9)]
  8447 | D:7      | Killed from afar by ThereIsNoGod's ghost

Skill      XL: |  1  2  3  4  5  6  7  8  9 |
---------------+----------------------------+-----
Dodging        | 2 3 4 5 6 |  6.5
Fighting       | 2 3 5 6 7 9 10 | 10.8
Maces & Flails | 1 2 3 |  3.6
Shields        | 2 4 5 |  5.0
Short Blades   | |  1.0
Stealth        | |  0.8
Evocations     | |  3.2

Action                   |  1- 3 |  4- 6 |  7- 9 || total
-------------------------+-------+-------+-------++-------
Melee: Short sword       |   105 |       |       ||   105
       Tailslap          |    12 |    22 |    70 ||   104
       Mace              |    35 |     7 |       ||    42
       Dagger            |       |   109 |   210 ||   319
       Flail             |       |       |   212 ||   212
 Fire: Hunting sling     |    30 |     2 |       ||    32
Invok: Potion Petition   |       |       |     1 ||     1
 Abil: Breathe Dispellin |       |       |    15 ||    15
Evoke: Wand              |     1 |     7 |     1 ||     9
  Use: Scroll            |     3 |     5 |     3 ||    11
       Potion            |       |       |     5 ||     5
 Stab: Sleeping          |     3 |     1 |     4 ||     8
       Distracted        |       |       |     2 ||     2
  Eat: Chunk             |     3 |     3 |       ||     6
       Meat ration       |       |     1 |       ||     1
       Bread ration      |       |       |     2 ||     2
       Fruit             |       |       |     1 ||     1
       Royal jelly       |       |       |     4 ||     4
Armor: Skin              |    66 |    35 |   171 ||   272
Dodge: Dodged            |   120 |    64 |   336 ||   520
Block: Buckler           |       |       |    37 ||    37
